[Event "*** Titled Tuesday Blitz"]
[Site "Chess.com"]
[Date "2020.05.19"]
[Round "7"]
[White "zajka-molotok"]
[Black "politeplayer"]
[Result "0-1"]
[WhiteElo "2320"]
[BlackElo "2220"]
[TimeControl "180+1"]
[EndTime "13:21:24 PDT"]
[Termination "politeplayer won by resignation"]

1. e4 e6 2. d4 d5 3. e5 c5 4. c3 Bd7 5. Nf3 a6 6. Na3 c4 7. Nc2 b5 8. Be2 a5 9. a3 Nc6 10. O-O b4 11. Bg5 Be7 12. Bd2 Rb8 13. Nfe1 bxc3 14. Bxc3 Nh6 15. Ne3 a4 16. f4 Na5 17.
N1c2 Nb3 18. Rb1 f5 19. exf6 Bxf6 20. Bb4 Kf7 21. Kh1 Re8 22. Bd6 Rb6 23. Be5 Kg8 24.
g4 Bxe5 25. fxe5 Rf8 26. Rxf8+ Qxf8 27. Qg1 Nd2 28. Rd1 Ne4 29. Rf1 Qe7 30. Nb4 Rb8 31. Bf3 Nd2 32. Rf2 Nxf3 33. Rxf3 Rf8 34. Rxf8+ Qxf8 35. Qg2 Qf4 36. Nbc2 Be8 37. g5 Bg6 38.
Kg1 Be4 39. Qg3 Qxg3+ 40. hxg3 Nf5 41. Nxf5 Bxf5 42. Ne3 Be4 43. Kf2 Kf7 44. Nd1 Kg6 45. Nc3 Bc2 46. Kf3 Kxg5 47. Nb5 Be4+ 48. Ke3 Kf5 49. Nc3 h5 50. Nxa4 g5 51. Nc3 Kg4 52. Kf2 h4 53. gxh4 gxh4 54. Kg1 Kg3 55. a4 h3 56. Nxe4+ dxe4 57. a5 e3 58. a6 h2+ 59. Kh1 e2 0-1

[Event "*** Titled Tuesday Blitz"]
[Site "Chess.com"]
[Date "2020.05.19"]
[Round "7"]
[White "2346PL"]
[Black "Megagigahiper3345"]
[Result "1/2-1/2"]
[WhiteElo "2441"]
[BlackElo "2622"]
[TimeControl "180+1"]
[EndTime "13:21:25 PDT"]
[Termination "Game drawn - insufficient material"]

1. d4 f5 2. Nc3 d5 3. e4 dxe4 4.
f3 Nf6 5. fxe4 fxe4 6. Bc4 Nc6 7. Nge2 Na5 8. Bb3 Nxb3 9. axb3 g6 10. Bg5 Bg7 11. O-O O-O 12. Qd2 c6 13. Qe3 Bf5 14. h3 Nd5 15. Qd2 Qd7 16. Rad1 e3 17. Bxe3 Nxe3 18.
Qxe3 Bxc2 19. Rd2 Rxf1+ 20. Kxf1 Bxb3 21. Ne4 Bd5 22. Nc5 Qc7 23. Kg1 b6 24. Ne6 Qd6 25. Nxg7 Kxg7 26. Nf4 Rf8 27. Nd3 e6 28. Ne5 Qe7 29. Ng4 Qd6 30. Qh6+ Kg8 31. Rf2 Rxf2 32. Kxf2 Qf8+ 33. Ke3 Qxh6+ 34. Nxh6+ Kg7 35. Ng4 a5 36. h4 b5 37. g3 b4 38. Ne5 a4 39. Kd2 a3 40.
bxa3 bxa3 41. Kc3 a2 42. Kb2 Kf6 43. g4 h6 44. Nd7+ Ke7 45. Ne5 g5 46. h5 Kf6 47.
Nd7+ Kg7 48. Ne5 Bb3 49. Ka1 Bd5 50. Kb2 Kf8 51. Ka1 Ke7 52. Kb2 Ke8 53. Ka1 Kd8 54. Nf7+ Ke7 55. Ne5 Kd8 56. Nf7+ Kc7 57. Nxh6 c5 58. dxc5 e5 59. Nf5 e4 60. h6 Bg8 61.
Nd4 e3 62. h7 Bxh7 63. Kxa2 Bd3 64. Kb2 e2 65. Nf3 Kc6 66. Kc3 Bb5 67. Kd2 Kxc5 68.
Nxg5 Bd7 69. Ne4+ Kd4 70. Nf6 Be6 71. Kxe2 Bxg4+ 1/2-1/2

[Event "*** Titled Tuesday Blitz"]
[Site "Chess.com"]
[Date "2020.05.19"]
[Round "7"]
[White "AlexTruskavetsky"]
[Black "aNaartjieZA"]
[Result "0-1"]
[WhiteElo "2446"]
[BlackElo "2582"]
[TimeControl "180+1"]
[EndTime "13:21:25 PDT"]
[Termination "aNaartjieZA won on time"]

1. d4 Nf6 2. Bg5 Ne4 3. Bf4 c5 4. f3 Nf6 5. d5 d6 6. e4 g6 7. Nc3 Bg7 8. Bb5+ Nbd7 9. a4 a6 10.
Be2 O-O 11. Nh3 Ne5 12. Nf2 Nh5 13. Bg5 h6 14. Bd2 Nf6 15. f4 Ned7 16. O-O e6 17. dxe6 fxe6 18. Bc4 Qe7 19. a5 Kh7 20. Re1 e5 21. f5 gxf5 22. exf5 b5 23. axb6 Nxb6 24.
Bd3 Bb7 25. Nce4 c4 26. Nxf6+ Qxf6 27. Ng4 Qh4 28. f6+ cxd3 29. fxg7 Rf7 30. Bxh6 dxc2 31.
Qxc2+ Kg8 32. h3 Rc8 33. Qd3 Nc4 34. Rf1 Rcc7 35. Qg6 Bxg2 36. Rxf7 Rxf7 37. Kxg2 Ne3+ 38. Bxe3 Rxg7 39. Qe6+ Kh7 40. Qh6+ Qxh6 41. Bxh6 Rb7 42. Bc1 Rb6 43. Ra5 Kg6 44. Rd5 Kf5 45. Ne3+ Ke4 46. h4 a5 47. h5 a4 48. h6 Rc6 49. h7 Rc8 50. Rxd6 Rh8 51. Rh6 Kd3 52. Kg3 e4 53.
Kg4 Ke2 54. Kg5 Rc8 55. h8=Q Rxc1 0-1

[Event "*** Titled Tuesday Blitz"]
[Site "Chess.com"]
[Date "2020.05.19"]
[Round "7"]
[White "ChocolateRoses"]
[Black "realmadridtv"]
[Result "0-1"]
[WhiteElo "2270"]
[BlackElo "2476"]
[TimeControl "180+1"]
[EndTime "13:21:25 PDT"]
[Termination "realmadridtv won on time"]

1. Nf3 Nf6 2. g3 g6 3. b3 Bg7 4. Bb2 O-O 5. Bg2 b6 6. O-O Bb7 7. c4 c5 8. d4 cxd4 9. Qxd4 d6 10. Nc3 Nbd7 11. Rfd1 a6 12. Qe3 Re8 13. Rac1 Rc8 14. h3 Rc7 15. Nd4 Bxg2 16. Kxg2 Qa8+ 17. Qf3 Qc8 18.
Nd5 Nxd5 19. cxd5 Bxd4 20. Rxc7 Qxc7 21. Bxd4 Qc2 22. Rd3 Nc5 23. Re3 Qf5 24. Qxf5 gxf5 25. f3 e5 26. dxe6 fxe6 27. Rc3 e5 28. Be3 f4 29. Bf2 fxg3 30. Kxg3 a5 31. a3 Kf7 32. b4 axb4 33. axb4 Rg8+ 34. Kh2 Ne6 35. Bxb6 Nf4 36.
Rc7+ Ke6 37. e3 Nd5 38. Rb7 h5 39. Ba7 Rc8 40. b5 h4 41. Kg2 Rc2+ 42. Kf1 e4 43. fxe4 Nc3 44. Bb8 Nxe4 45. b6 Ng3+ 46. Ke1 Rb2 47. Bc7 Kd5 48. Bd8 Ke4 49. Re7+ Kd3 50. b7 Ne4 51. Kf1 Rb1+ 52. Kg2 Ke2 53. Ba5 Kxe3 0-1

[Event "*** Titled Tuesday Blitz"]
[Site "Chess.com"]
[Date "2020.05.19"]
[Round "7"]
[White "Papa12341234"]
[Black "Baby_Legs"]
[Result "0-1"]
[WhiteElo "2548"]
[BlackElo "2717"]
[TimeControl "180+1"]
[EndTime "13:21:26 PDT"]
[Termination "Baby_Legs won by resignation"]

1. e4 c6 2. d4 d5 3. Nc3 g6 4. Nf3 Bg7 5. e5 f6 6. Bf4 Bg4 7. h3 Bxf3 8. Qxf3 fxe5 9. dxe5 Nd7 10. e6 Ndf6 11. O-O-O Qa5 12. g4 O-O-O 13. Kb1 Ne8 14. Bd2 Qb6 15. Na4 Qc7 16. Qa3 Nd6 17. Nc5 Qb6 18.
Nd7 Rxd7 19. exd7+ Kxd7 20. Bd3 Nf6 21. f3 c5 22.
Rhe1 c4 23. Bf1 Re8 24. g5 Nh5 25. Be3 Qc6 26. c3 Ng3 27. Bg2 Ngf5 28. Bf4 e5 29. Bh2 a6 30. Qb4 b6 31. a4 a5 32. Qa3 Re6 33. b3 cxb3 34. Qxb3 Nc4 35. Bf1 Nfd6 36. f4 e4 37. f5 gxf5 38. Bxd6 Rxd6 39. Bxc4 dxc4 40.
Rxd6+ Qxd6 41. Qb5+ Kc7 42. Qxc4+ Kb7 43. Qf7+ Qc7 44.
Qxc7+ Kxc7 45. Kc2 Kd6 46. h4 Kd5 47. Rd1+ Ke6 48. Rd8 f4 49. Kd2 Be5 50. c4 Bd6 51. Ke2 Bc5 52. Re8+ Kf5 53. Rh8 f3+ 54. Kf1 e3 55. Rf8+ Kg4 56. Re8 e2+ 57. Ke1 Bb4+ 58. Kf2 e1=Q+ 59. Rxe1 Bxe1+ 60. Kxe1 Kxh4 61. Kf2 Kg4 62. Ke3 Kg3 63. g6 hxg6 64. Kd4 f2 65. Kd5 f1=Q 66.
Kc6 Qxc4+ 67. Kxb6 Qxa4 68. Ka6 Qb4 69. Ka7 a4 70.
Ka8 a3 0-1

[Event "*** Titled Tuesday Blitz"]
[Site "Chess.com"]
[Date "2020.05.19"]
[Round "7"]
[White "Benjoneliere44"]
[Black "AnthonyWirig"]
[Result "0-1"]
[WhiteElo "2491"]
[BlackElo "2670"]
[TimeControl "180+1"]
[EndTime "13:21:27 PDT"]
[Termination "AnthonyWirig won by resignation"]

1. e4 c5 2. Nc3 g6 3. f4 Bg7 4.
Nf3 Nc6 5. Bc4 e6 6. O-O Nge7 7. Qe1 O-O 8. d3 d5 9. Bb3 Na5 10. Bd2 Nxb3 11. axb3 Nc6 12. e5 Bd7 13. Kh1 a6 14.
Nd1 f6 15. exf6 Qxf6 16. Ne3 Qxb2 17. Rb1 Qf6 18. Ng4 Qe7 19. Qg3 Rf5 20. Rbe1 Raf8 21. h3 b5 22. Re2 a5 23. Rfe1 a4 24. bxa4 bxa4 25. Ng5 Nd4 26. Qh4 h5 27. Re5 Rxg5 28. Rxg5 hxg4 29. Qxg4 e5 30. Qg3 Nf5 31. Qf3 e4 32.
dxe4 dxe4 33. Rxe4 Bc6 34. Rxe7 Bxf3 35. Rxg7+ Kxg7 36.
gxf3 Re8 37. Bc3+ Kf7 38. Be5 Rd8 39. Rg1 Rd2 40. Ra1 Rxc2 41. Rxa4 Nh4 42. Ra7+ Ke6 43.
Ra6+ Kd5 44. Rd6+ Kc4 45. Rd8 Nxf3 46. f5 Nxe5 47. fxg6 Nxg6 48. Rg8 Ne5 49. h4 Rc3 50. Kh2 Kd4 51. h5 Ra3 52. h6 Ra6 53. Rd8+ Ke4 54. Rc8 Rxh6+ 55. Kg3 Kd4 56. Kf2 Rc6 57. Ke2 Rxc8 0-1

[Event "*** Titled Tuesday Blitz"]
[Site "Chess.com"]
[Date "2020.05.19"]
[Round "7"]
[White "PredragNikac"]
[Black "Rozum_Ivan"]
[Result "1/2-1/2"]
[WhiteElo "2315"]
[BlackElo "2600"]
[TimeControl "180+1"]
[EndTime "13:21:28 PDT"]
[Termination "Game drawn by repetition"]

1. d4 d6 2. Nc3 f5 3. h4 Nf6 4. h5 e5 5. dxe5 dxe5 6. Qxd8+ Kxd8 7. Bg5 Be7 8. O-O-O+ Nbd7 9. e4 Nxe4 10. Nxe4 fxe4 11. Bxe7+ Kxe7 12. g4 Nf6 13. g5 Ng4 14. Nh3 Rf8 15. Rd2 e3 16. fxe3 Nxe3 17. Bd3 e4 18. Re2 Rf3 19.
Bxe4 Rg3 20. Nf4 Kd6 21. Rhe1 Ke5 22. Ng2 Kxe4 23. Rxe3+ Rxe3 24. Rxe3+ Kf5 25. Re7 Kxg5 26. Rxg7+ Kh6 27. Rxc7 b6 28. Nf4 Bg4 29. b3 Kg5 30. Nd5 h6 31. Rg7+ Kh4 32. Ne3 Bh3 33. c4 Kxh5 34. b4 Kh4 35. Kd2 h5 36. Kc3 Bg4 37.
c5 bxc5 38. bxc5 Kg3 39. c6 Rc8 40. c7 Kf4 41. Nc4 h4 42. Nd6 Rh8 43. Rf7+ Ke5 44. Nc4+ Ke4 45. Nd6+ Kd5 46. Nf5 Bxf5 47. Rxf5+ Kc6 48.
Rh5 Rc8 49. Rxh4 Rxc7 50. Rc4+ Kb7 51. Rxc7+ Kxc7 52. Kb4 Kb6 53. a4 Ka6 54. a5 Kb7 55. Kb5 a6+ 56. Kc5 Kc7 57. Kd5 Kd7 58. Kc5 Kc7 59. Kd5 Kd7 60. Kc5 Kc7 1/2-1/2

[Event "*** Titled Tuesday Blitz"]
[Site "Chess.com"]
[Date "2020.05.19"]
[Round "7"]
[White "nabukatnezarr"]
[Black "Arjun2002"]
[Result "1/2-1/2"]
[WhiteElo "2526"]
[BlackElo "2672"]
[TimeControl "180+1"]
[EndTime "13:21:29 PDT"]
[Termination "Game drawn by repetition"]

1. d4 d5 2. c4 c6 3. cxd5 cxd5 4. Bf4 Nf6 5. e3 Nc6 6. Nc3 Bg4 7. f3 Bd7 8. Bd3 e6 9. Nge2 Be7 10. Bg3 O-O 11. O-O Rc8 12. Rc1 a6 13. Na4 Na5 14. Rxc8 Bxc8 15. b3 b5 16. Nc5 Qb6 17. Qd2 Nb7 18.
Nxb7 Bxb7 19. Rc1 Rc8 20. Rxc8+ Bxc8 21. Qc2 Bd7 22. Be5 Bc6 23. Bxf6 Bxf6 24. Bxh7+ Kf8 25. Bd3 Ke8 26. f4 Kd7 27. Nc1 Qa5 28. Kf2 Be7 29. Be2 g5 30. Nd3 Bd6 31. fxg5 Qd8 32. h4 Qh8 33. g3 f6 34. g6 Qh6 35. Bg4 f5 36.
Bf3 Qxg6 37. Nf4 Qh6 38. Nd3 Qg7 39. Nf4 Qh8 40. Nd3 Qg7 41. Nf4 Qh8 42. h5 Bb7 43.
Nd3 Qg7 44. Nc5+ Ke7 45. Nxb7 Qxg3+ 46. Ke2 Bb4 47. Qc8 Qe1+ 48. Kd3 Qf1+ 49. Be2 Qb1+ 50.
Qc2 Qh1 51. Qc7+ Kf6 52. Qd8+ Kg7 53. Qd7+ Kh8 54. Qe8+ Kh7 55. Qg6+ Kh8 56. Qf6+ Kh7 57. Qf7+ Kh8 58. Qe8+ Kh7 59. Qg6+ Kh8 60. Qe8+ 1/2-1/2

[Event "*** Titled Tuesday Blitz"]
[Site "Chess.com"]
[Date "2020.05.19"]
[Round "7"]
[White "GelmanAlexander"]
[Black "Oleksandr_Bortnyk"]
[Result "0-1"]
[WhiteElo "2585"]
[BlackElo "2972"]
[TimeControl "180+1"]
[EndTime "13:21:30 PDT"]
[Termination "Oleksandr_Bortnyk won by checkmate"]

1. c4 b6 2. e3 Bb7 3. b3 e5 4. Bb2 d6 5. d4 Nd7 6. Nf3 e4 7. Ng1 Be7 8. Nc3 f5 9. Nh3 Ngf6 10. Nf4 Nf8 11. d5 Bc8 12. Nb5 Bd7 13. Nd4 Kf7 14. h4 Ng4 15. Nfe6 Qc8 16. Nxg7 Bf6 17. Nh5 Be5 18.
Be2 Rg8 19. Qc2 a5 20. a4 Ke8 21. Rf1 Nh2 22. Rg1 Ng6 23. O-O-O Qd8 24. g3 Qe7 25. Nf4 Bxf4 26. gxf4 Qxh4 27. Rh1 Qxf2 28. Bh5 Qxc2+ 29. Kxc2 Ng4 30. Bxg4 fxg4 31. Rxh7 g3 32. Rg1 Ne7 33. Ne6 Bxe6 34. dxe6 Nf5 35. Bf6 Nxe3+ 36. Kc3 Nf5 37. Rxc7 g2 38. Rb7 Rg6 39. Bg5 Ne3 40. Kd4 Nc2+ 41.
Kxe4 Rxe6+ 42. Kd5 Re2 43. f5 Ne3+ 44. Bxe3 Rc8 45.
Rxg2 Rxg2 46. Bxb6 Kf8 47. Bxa5 Kg8 48. Bc3 Rc5+ 49.
Kxd6 Rxf5 50. a5 Rg6+ 51. Kc7 Rf7+ 52. Kb8 Rf3 53. Be5 Ra6 54. Bc7 Rf8+ 55. Bd8 Rxd8+ 56.
Kc7 Rda8 57. b4 Kf7 58. c5 Ke6 59. c6 Kd5 60. Rb6 R8a7+ 61. Kb8 Ra8+ 62. Kb7 R6a7# 0-1

[Event "*** Titled Tuesday Blitz"]
[Site "Chess.com"]
[Date "2020.05.19"]
[Round "7"]
[White "anon569"]
[Black "Olga_Girya"]
[Result "1-0"]
[WhiteElo "2268"]
[BlackElo "2407"]
[TimeControl "180+1"]
[EndTime "13:21:30 PDT"]
[Termination "anon569 won by resignation"]

1. e4 c6 2. d4 d5 3. Nc3 dxe4 4. Nxe4 Bf5 5. Ng3 Bg6 6. h4 h6 7. Nh3 Nd7 8. Nf4 Bh7 9. Bc4 Ngf6 10. O-O Nb6 11. Bb3 Nbd5 12. c4 Nxf4 13. Bxf4 e6 14. d5 exd5 15. Re1+ Be7 16. cxd5 Nxd5 17. Bxd5 cxd5 18.
Qe2 Kf8 19. Rac1 Bd6 20. Bxd6+ Qxd6 21. Qb5 b6 22. Rc6 Qd7 23. Qb4+ Kg8 24. Rd6 Qc7 25.
Rxd5 Bg6 26. Red1 Kh7 27. h5 Bc2 28. Rc1 Rac8 29. Rd2 Qb7 30. Rdxc2 Rxc2 31. Rxc2 Re8 32. Qd4 Re1+ 33. Kh2 Qe7 34. Qd3+ g6 35. hxg6+ fxg6 36. Qd4 Re6 37. Rc8 Rf6 38. Qd8 Qxd8 39. Rxd8 Rc6 40. Rd7+ Kg8 41. Rxa7 Rc2 42. b3 Rxf2 43. Ne4 Re2 44.
Nf6+ Kf8 45. Nd7+ Ke8 46. Nxb6 h5 47. Nc4 g5 48. a4 h4 49. Kh3 Re4 50. a5 Rd4 51. a6 Rd3+ 52. Kh2 Rxb3 53. Rb7 1-0

[Event "*** Titled Tuesday Blitz"]
[Site "Chess.com"]
[Date "2020.05.19"]
[Round "7"]
[White "noblerone"]
[Black "124chess"]
[Result "0-1"]
[WhiteElo "2446"]
[BlackElo "2741"]
[TimeControl "180+1"]
[EndTime "13:21:31 PDT"]
[Termination "124chess won on time"]

1. d4 d5 2. Nf3 c6 3. c3 Bf5 4. Qb3 Qc8 5. Bf4 Nd7 6. Nbd2 e6 7. e3 Ngf6 8. h3 Be7 9. Be2 O-O 10. O-O Ne4 11.
Rac1 b5 12. Nxe4 Bxe4 13. Ne5 Nxe5 14. Bxe5 Qd7 15. Qd1 a5 16. b3 Rfc8 17. Qd2 Ba3 18. Ra1 c5 19. Bg3 c4 20. Bd1 b4 21. bxc4 dxc4 22. Bc2 Qd5 23. Bxe4 Qxe4 24. Rab1 h5 25. f3 Qg6 26. Bf4 a4 27. e4 b3 28. d5 exd5 29. exd5 Bc5+ 30. Kh1 Qb6 31. Rfd1 a3 32. d6 b2 33. d7 Rf8 34. Bg5 f6 35.
Qd5+ Kh8 36. Bf4 Rad8 37. Qxh5+ Kg8 38. Qd5+ Rf7 39. Qxc4 Be3 40. Bxe3 Qxe3 41. Re1 Qxe1+ 42. Rxe1 Rxd7 43. Qb3 Rb7 44. Qxa3 b1=Q 45. Rxb1 Rxb1+ 46. Kh2 Rfb7 47. Qa8+ Kh7 48. a4 R7b2 49. Qe4+ Kg8 50. a5 Ra1 51. Qd5+ Kh7 52. Qd4 Raa2 53. Qh4+ Kg8 54.
Qg4 Rxa5 55. c4 Rb8 56. Qe6+ Kh8 57. Qe2 Rc5 0-1

[Event "*** Titled Tuesday Blitz"]
[Site "Chess.com"]
[Date "2020.05.19"]
[Round "7"]
[White "BocharovD"]
[Black "Tormoz"]
[Result "1-0"]
[WhiteElo "2853"]
[BlackElo "2683"]
[TimeControl "180+1"]
[EndTime "13:21:32 PDT"]
[Termination "BocharovD won by resignation"]

1. c4 e6 2. Nf3 d5 3. e3 Nf6 4. b3 c5 5. Bb2 Nc6 6. cxd5 exd5 7. Bb5 Bd6 8. O-O O-O 9. d4 cxd4 10. Nxd4 Bc7 11.
Be2 Re8 12. Nd2 Qd6 13. N2f3 a6 14. h3 Bb6 15. Rc1 Bd7 16. Nxc6 bxc6 17. Bd4 Bxd4 18.
Qxd4 a5 19. Bd3 a4 20. b4 a3 21. Rc5 Reb8 22. Rb1 Be8 23. Rc3 Ra4 24. Rcb3 h6 25.
Qc3 Nd7 26. Nd4 Ne5 27. Bc2 Nc4 28. Bd3 Ne5 29. Be2 Bd7 30. Rxa3 Raxb4 31. Rxb4 Qxb4 32. Qxb4 Rxb4 33. Ra8+ Kh7 34. f4 Ng6 35. Ra7 Nf8 36.
Bd3+ g6 37. Nb3 Kg7 38. Kf2 Bf5 39. Bxf5 gxf5 40. Ra6 Rc4 41. Nd4 Ne6 42. Rxc6 Ra4 43. Nxf5+ Kf6 44. Nxh6 Rxa2+ 45. Kf3 Ra3 46. f5 d4 47.
fxe6 Rxe3+ 48. Kf2 Rxe6 49. Ng4+ Kf5 50. Rxe6 fxe6 51.
Ke2 e5 52. Nf2 e4 53. g4+ Kf4 54. Nxe4 Kxe4 55. g5 1-0

[Event "*** Titled Tuesday Blitz"]
[Site "Chess.com"]
[Date "2020.05.19"]
[Round "7"]
[White "DanielDardha2005"]
[Black "MergenKakabaev"]
[Result "1-0"]
[WhiteElo "2639"]
[BlackElo "2440"]
[TimeControl "180+1"]
[EndTime "13:21:32 PDT"]
[Termination "DanielDardha2005 won by resignation"]

1. Nf3 Nf6 2. c4 g6 3. Nc3 Bg7 4. e4 d6 5. d4 O-O 6. Be2 e5 7. d5 c5 8. dxc6 Nxc6 9. O-O h6 10. b3 Be6 11. Ba3 Qa5 12. Bb2 Rfd8 13. Qd2 a6 14. Rfd1 Rac8 15. a3 b5 16. b4 Qb6 17. Nd5 Bxd5 18.
exd5 Ne7 19. Rac1 Ne4 20. Qe1 f5 21. Nd2 Nxd2 22. Rxd2 bxc4 23. Rxc4 a5 24. Rdc2 Rxc4 25. Rxc4 Nxd5 26. Qd2 Nf4 27. bxa5 Nxe2+ 28. Qxe2 Qxa5 29. h4 d5 30. Rc6 Kh7 31. Bxe5 Re8 32. f4 d4 33. h5 g5 34. Ra6 Qd5 35. Ra7 Rxe5 36. Qxe5 Qxe5 37. fxe5 Kg8 38. e6 Bf6 39. Rf7 Be5 40.
Rxf5 Bd6 41. Rd5 Bxa3 42. Kf2 Kf8 43. Rd7 Ke8 44. Ke2 Be7 45. Kd3 Bf6 46. g4 Be5 47. Rh7 Bf6 48. Rxh6 Ke7 49. Ke4 Kxe6 50. Rxf6+ Kxf6 51. Kxd4 Ke6 52. Ke4 Kf6 53. Kd5 Kf7 54. Ke5 Kg7 55.
Kf5 Kh6 56. Kf6 1-0

[Event "*** Titled Tuesday Blitz"]
[Site "Chess.com"]
[Date "2020.05.19"]
[Round "7"]
[White "LiemLe"]
[Black "chessdjw"]
[Result "0-1"]
[WhiteElo "2942"]
[BlackElo "2729"]
[TimeControl "180+1"]
[EndTime "13:21:33 PDT"]
[Termination "chessdjw won by resignation"]

1. Nf3 c5 2. c4 Nf6 3. Nc3 d5 4.
cxd5 Nxd5 5. e3 e6 6. d4 cxd4 7. exd4 Nxc3 8. bxc3 Qc7 9. Bd2 Bd6 10. Bd3 b6 11. Ng5 Bb7 12. Qg4 h5 13. Qh3 Nd7 14. O-O Nf6 15. Rae1 Ng4 16. f4 O-O-O 17. a4 a5 18. Ne4 Be7 19. f5 e5 20. Nf2 exd4 21.
cxd4 Kb8 22. Ne4 Ka7 23. Bf4 Qd7 24. Nf2 Bf6 25. Bb5 Qxd4 26. Qg3 Qc5 27. Kh1 Bd4 28. Nxg4 hxg4 29. Qxg4 Bc3 30. Rc1 Qb4 31. Qg3 Bd2 32. Rc2 Bxf4 33. Qxf4 Qxf4 34. Rxf4 Rd1+ 35. Bf1 Rhd8 36.
Kg1 R8d4 37. Rxd4 Rxd4 38. Rc7 Rxa4 39. Rxf7 Ra1 40. Kf2 a4 41. Bc4 a3 42. Bd5 a2 43.
Rxb7+ Ka6 44. Rxg7 Rf1+ 45. Kxf1 a1=Q+ 46. Kf2 Qxg7 47. Bc4+ b5 48. Be2 Kb6 49. g4 b4 50. Bd1 Qd4+ 51.
Ke1 Qe3+ 52. Kf1 b3 53. Bxb3 Qxb3 54. Kg2 Qc2+ 55. Kf3 Qd3+ 56. Kf4 Qd4+ 57. Kg5 Qg7+ 58. Kf4 Kc6 59. h4 Kd5 60. h5 Qh6+ 61. Kg3 Ke4 62. Kh4 Kf4 63. Kh3 Qg5 0-1

[Event "*** Titled Tuesday Blitz"]
[Site "Chess.com"]
[Date "2020.05.19"]
[Round "7"]
[White "florianschwabeneder"]
[Black "GukeshDommaraju"]
[Result "1/2-1/2"]
[WhiteElo "2514"]
[BlackElo "2671"]
[TimeControl "180+1"]
[EndTime "13:21:33 PDT"]
[Termination "Game drawn - insufficient material"]

1. e4 c5 2. Nf3 Nc6 3. Bb5 g6 4. O-O Bg7 5. c3 Nf6 6. Re1 O-O 7.
h3 a6 8. Bf1 e5 9. a4 d5 10. d3 dxe4 11. dxe4 Qxd1 12. Rxd1 Nxe4 13. Na3 Be6 14. Nc4 Rad8 15. Re1 f5 16. a5 Kh8 17. Ng5 Nxg5 18. Bxg5 Rd7 19. Be3 Rfd8 20. Bxc5 f4 21. Bb6 Re8 22. Rad1 Ree7 23. Nd6 Bb3 24. Rd2 Bf8 25. Ne4 Rxd2 26. Nxd2 Bd5 27. Bc4 Bxc4 28. Nxc4 Re6 29. Nd2 Kg7 30. Ne4 Re7 31. Rd1 Kf7 32.
f3 h6 33. Kf2 Bg7 34. Ke2 Ke8 35. Bc5 Rd7 36. Nd6+ Kd8 37. Nxb7+ Kc8 38. Rxd7 Kxd7 39. b4 e4 40. fxe4 Bxc3 41. Bf8 Bxb4 42. Bxb4 Nxb4 43.
Nc5+ Kd6 44. Nb3 Ke5 45. Kf3 g5 46. Nc5 Kd6 47. Nb3 Nc6 48. g3 fxg3 49. Kxg3 Ke5 50. Kf3 Nd4+ 51. Nxd4 Kxd4 52. Kg4 Kxe4 53. Kh5 Kf4 54.
Kxh6 g4 55. hxg4 Kxg4 56. Kg6 Kf4 57. Kf6 Ke4 58. Kg5 Kd4 59. Kf4 Kc5 60. Ke3 Kb5 61. Kd2 Kxa5 62. Kc1 Kb4 63. Kb1 a5 64. Ka1 a4 65. Kb1 a3 66. Ka1 a2 67. Kxa2 1/2-1/2

[Event "*** Titled Tuesday Blitz"]
[Site "Chess.com"]
[Date "2020.05.19"]
[Round "7"]
[White "cukus"]
[Black "GoldenShare"]
[Result "0-1"]
[WhiteElo "2488"]
[BlackElo "2625"]
[TimeControl "180+1"]
[EndTime "13:21:33 PDT"]
[Termination "GoldenShare won by resignation"]

1. e4 e6 2. d4 d5 3. Nc3 Nc6 4. e5 f6 5. Bb5 Bd7 6. Nf3 Qe7 7. O-O O-O-O 8. a4 Qf7 9. a5 a6 10. Bxc6 Bxc6 11. Bf4 f5 12. Na4 h6 13. Nc5 g5 14.
Bd2 g4 15. Ne1 Bxc5 16. dxc5 h5 17. Bf4 Ne7 18. Nd3 Ng6 19. c3 Bb5 20. Bg5 Rdg8 21. Bf6 Rh7 22. b3 h4 23. Rc1 f4 24. c4 dxc4 25.
bxc4 Bc6 26. Nb4 Qe8 27. Qd2 f3 28. g3 hxg3 29. fxg3 Rd7 30. Qe3 Ne7 31. Rfd1 Nf5 32.
Qf2 Ba4 33. Rd2 Rxd2 34. Qxd2 Qd7 35. Qxd7+ Bxd7 36. c6 Bxc6 37. Nxc6 bxc6 38. c5 Nd4 39. Kf2 Nb3 40. Rc4 Nxa5 41. Ra4 Nb3 42. Rxa6 Kb7 43.
Ra3 Nxc5 44. Ke3 Kb6 45. h4 gxh3 46. Kxf3 Nd7 47. g4 Rf8 48. Kg3 Nxf6 49. exf6 Rxf6 50. Kxh3 c5 51. g5 Rf8 52. Re3 Re8 53. Kg4 c4 54.
g6 Kc5 55. Kg5 Kd4 56. Re1 c3 57. Kf6 Kd3 58. g7 c2 59. Kf7 Rc8 60. g8=Q Rxg8 61. Kxg8 Kd2 62. Rh1 c1=Q 63. Rxc1 Kxc1 0-1

[Event "*** Titled Tuesday Blitz"]
[Site "Chess.com"]
[Date "2020.05.19"]
[Round "7"]
[White "petrkostenko"]
[Black "ketster"]
[Result "0-1"]
[WhiteElo "2532"]
[BlackElo "2385"]
[TimeControl "180+1"]
[EndTime "13:21:36 PDT"]
[Termination "ketster won by resignation"]

1. e4 e5 2. Nf3 Nc6 3. Bb5 a6 4. Ba4 Nf6 5. d3 d6 6. c4 g6 7. d4 exd4 8. Nxd4 Bd7 9. Nc3 Bg7 10. Nxc6 Bxc6 11. Bxc6+ bxc6 12. O-O O-O 13. Qa4 Qe8 14.
Qc2 Nd7 15. Be3 Ne5 16. b3 f5 17. exf5 Rxf5 18. Rad1 Ng4 19. Bd4 Qf7 20. Bxg7 Qxg7 21.
h3 Ne5 22. f4 Nd7 23. Ne4 Raf8 24. Qd2 h6 25. g4 R5f7 26. Kg2 Nf6 27. Ng3 Re7 28. f5 Ne4 29. Nxe4 Rxe4 30. fxg6 Rxf1 31. Rxf1 Qxg6 32. Qf2 Qe8 33. Qf5 Re2+ 34. Rf2 Rxf2+ 35. Kxf2 Kg7 36. h4 c5 37. h5 Qf7 38. Kf3 Qxf5+ 39. gxf5 c6 40. Kf4 Kf6 41. a3 a5 42. Ke4 Kg5 43. a4 Kf6 44. Kf4 d5 45. Kg4 Ke5 46.
f6 Kxf6 47. Kf4 Ke6 48. Kf3 Kf5 49. Ke3 Kg5 0-1

[Event "*** Titled Tuesday Blitz"]
[Site "Chess.com"]
[Date "2020.05.19"]
[Round "7"]
[White "rekosheten"]
[Black "Mr_Sinigami"]
[Result "0-1"]
[WhiteElo "2347"]
[BlackElo "2572"]
[TimeControl "180+1"]
[EndTime "13:21:36 PDT"]
[Termination "Mr_Sinigami won by resignation"]

1. Nf3 Nf6 2. c4 g6 3. d4 Bg7 4. Nc3 O-O 5. Bf4 d6 6. e3 Nfd7 7. h3 e5 8. Bh2 Nc6 9. Be2 h6 10. O-O f5 11. Nd5 g5 12. Rc1 f4 13. b4 Ne7 14. exf4 Nxd5 15. cxd5 exf4 16. Qc2 Nb6 17. Qxc7 Nxd5 18. Qxd8 Rxd8 19. Bc4 Be6 20. Rfe1 Bf7 21. a3 Rac8 22. g3 b5 23. Bxb5 Nc3 24. Bf1 Bd5 25. Nd2 f3 26. Ba6 Rc6 27. Bb7 Ne2+ 28. Kf1 Rxc1 29. Bxd5+ Kf8 30. Nxf3 Rxe1+ 31. Kxe1 Nxd4 32.
Nxd4 Bxd4 33. g4 Be5 34. Bxe5 dxe5 35. Be4 Ke7 36. Ke2 Rd4 37. f3 Kd6 38. Bd3 Kc7 39.
Kd2 Kb6 40. Kc3 a5 41. bxa5+ Kxa5 42. Bc2 Kb6 43. Kb3 Kc5 44. Be4 Rd2 45. a4 Rh2 46. a5 Kb5 47. a6 Kxa6 48. Kc4 Rd2 49. Kc5 Ka7 50. Bd5 Rh2 51. Kd6 Rxh3 52. Kxe5 Kb6 53.
Kf5 Kc5 54. Be4 Kd4 55. Kg6 Ke3 56. Kg7 Kf4 57. Kg6 Rxf3 58. Bxf3 Kxf3 59. Kf5 Kg3 60.
Ke4 Kxg4 0-1

[Event "*** Titled Tuesday Blitz"]
[Site "Chess.com"]
[Date "2020.05.19"]
[Round "7"]
[White "Gvetadze"]
[Black "Herracek"]
[Result "1/2-1/2"]
[WhiteElo "2403"]
[BlackElo "2537"]
[TimeControl "180+1"]
[EndTime "13:21:37 PDT"]
[Termination "Game drawn by agreement"]

1. Nf3 c5 2. g3 Nc6 3. Bg2 g6 4. O-O Bg7 5. d3 d6 6. Nc3 Bg4 7. e4 Qd7 8. Be3 Bh3 9. Qd2 h5 10. Nh4 Bf6 11. Bg5 Bxg5 12. Qxg5 Nd4 13. Rac1 Nf6 14. f4 O-O-O 15. f5 Bxg2 16. Kxg2 gxf5 17.
Nxf5 Nxf5 18. Qxf5 Rdg8 19. Qxd7+ Kxd7 20. Rce1 Rh7 21. e5 dxe5 22. Rxe5 Kd6 23. Re2 h4 24. Ne4+ Nxe4 25.
Rxe4 hxg3 26. hxg3 Rhg7 27. Rf3 f5 28. Ref4 e6 29.
d4 c4 30. Re3 b5 31. Kf2 a5 32.
c3 b4 33. Rff3 Rg4 34. Re5 f4 35. Rxf4 Rxg3 36. Rxa5 Rg2+ 37. Ke3 Rxb2 38. Ra6+ Kd5 39. Ra5+ Kc6 40. cxb4 Rg3+ 41. Rf3 Rxf3+ 42. Kxf3 Rxb4 43. Ke4 Rb2 44. Rc5+ Kd6 45. a4 Re2+ 46. Kf3 Rc2 47. a5 c3 48. a6 Ra2 49. Rxc3 Kd5 50. Ke3 Rxa6 51. Rc5+ Kd6 52. Ke4 Ra1 53. Rc3 Re1+ 54. Re3 Rg1 55. Kd3 Rg4 56. Re4 Rg3+ 57. Re3 Rg5 58.
Re4 Ra5 59. Re3 Ra4 60. Ke4 e5 61. Rd3 Ke6 62. Ke3 Kd5 63. dxe5+ Kxe5 64. Rb3 1/2-1/2